 Dungeon Crawl Stone Soup version 0.30-a0-465-g8901f6c8b5 (webtiles) character file.

Game seed: 6063677740142762824

72 Zonian the Magician (level 4, -1/31 HPs)
             Began as a Djinni Ice Elementalist on Dec 18, 2022.
             Killed from afar by an orc wizard (3 damage)
             ... with a puff of flame
             ... on level 3 of the Dungeon.
             The game lasted 00:03:23 (2139 turns).

Zonian the Magician (Djinni Ice Elementalist)       Turns: 2139, Time: 00:03:24

Health: -1/31      AC:  2    Str:  5 (7)  XL:     4   Next: 50%
Gold:   124        EV: 12    Int: 17 (18) God:
                   SH:  0    Dex: 12 (14)

rFire   + + .      SeeInvis .    j - +2 dagger (venom)
rCold   x . .      Faith    .    (no shield)
rNeg    . . .      Spirit   .    a - +0 robe
rPois   ∞          Reflect  .    (no helmet)
rElec   .          Harm     .    (no cloak)
rCorr   .          Rampage  .    (no gloves)
Will    .....                    (boots unavailable)
Stlth   ++........               (no amulet)
HPRegen 0.25/turn                (no ring)
MPRegen 0.00/turn                (no ring)

@: mighty, flying
A: sickness immunity, fire resistance 2, cold vulnerability 1, float, innate
caster, HP casting, extra vitality 1
a: no special abilities


You were on level 3 of the Dungeon.
You visited 1 branch of the dungeon, and saw 3 of its levels.

You collected 124 gold pieces.

Inventory:

Hand Weapons
 c - a +0 short sword
 g - a +0 hand axe
 j - a +2 dagger of venom (weapon)
Armour
 a - a +0 robe (worn)
Scrolls
 e - a scroll of identify {unknown}
 f - a scroll of magic mapping {unknown}
 i - a scroll of vulnerability {unknown}
 k - 2 scrolls of fear {unknown}
Potions
 d - a potion of degeneration
 h - a potion of haste {unknown}
 l - a potion of lignification {unknown}
 m - a potion of magic {unknown}


   Skills:
 + Level 3.2 Dodging
 + Level 2.6 Stealth
 + Level 3.7 Spellcasting


You couldn't memorise any spells.
You knew the following spells:

 Your Spells              Type           Power      Damage    Failure   Level
a - Freeze                Ice            60%        1d7       3%          1
b - Frozen Ramparts       Ice            30%        1d5       11%         3
c - Ozocubu's Armour      Ice            15%        N/A       11%         3
d - Summon Ice Beast      Ice/Summ       15%        N/A       34%         4
e - Apportation           Tloc           30%        N/A       3%          1
Your spell library was empty.

Dungeon Overview and Level Annotations

Branches:
Dungeon (3/15)

Altars:
Uskayaw

Shops:
D:2 *   D:3 [


Innate Abilities, Weirdness & Mutations

You are immune to sickness and miasma.
You are immune to poison.
Your flesh is very heat resistant. (rF++)
You are vulnerable to cold. (rC-)
You float through the air rather than walking.
You learn spells naturally, not from books.
Your magical power is your life essence.
You have superior vitality. (+4 MHP)


Message History

The orc hits you with a +0 club.
Unknown command.
You hit the orc.
The orc looks as sick as possible!
The orc is severely wounded.
You kill the orc!
The orc throws a boomerang.
The boomerang hits you.
You miss something. Something hits you but does no damage.
Unknown command.
Something hits you but does no damage.
Unknown command.
The orc throws a boomerang.
Something hits you.
Unknown command.
Something hits you.
* * * LOW HITPOINT WARNING * * *
The orc throws a boomerang.
The boomerang hits you.
* * * LOW HITPOINT WARNING * * *
Unknown command.
Casting: Freeze (safe; 3% risk of failure)
Confirm with . or Enter, or press ? or * to list all spells.
Okay, then.
You closely miss something. Something hits you but does no damage.
The orc throws a boomerang.
The boomerang closely misses you.
Unknown command.
You hit something but do no damage. Something hits you.
* * * LOW HITPOINT WARNING * * *
The orc throws a boomerang.
The boomerang closely misses you.
Unknown command.
It was a potion of degeneration.
There was something very wrong with that liquid.
You feel weakened.
You feel dopey.
You feel clumsy. Something hits you but does no damage.
It was a potion of might.
You feel very mighty all of a sudden. Something hits you.
* * * LOW HITPOINT WARNING * * *
You closely miss something.
You hear some strange, mumbled words.
A puff of flame appears from out of thin air!
The puff of flame hits you. You resist.
You die...

#...#)# #.## #..... .#
......# #..# #.#.∩ #.##l
....).####'######..........
......†.......+..#..#.o..
#....##.#...#.##..#{o.#
##.#.##.#._.#.# #...#
##)#.##.#...#.####..##
...#..+......†'.##...##
#.########'####.@{o...##.##
#.# #...#####........# #.#
#.......{..####.## #.#
##..######## # #.# #..# #.#
..# #.# ..# #.# ..# #.# ...


You could see an orc.

Vanquished Creatures
  3 adders
  A dart slug (D:3)
  2 orcs (D:3)
  3 endoplasms
  A giant cockroach (D:1)
  4 goblins
  2 hobgoblins (D:1)
  3 jackals (D:1)
  A quokka (D:3)
  3 ball pythons
  7 bats
  2 frilled lizards (D:2)
  5 kobolds
  4 rats
41 creatures vanquished.

Notes
Turn   | Place    | Note
-------+----------+-------------------------------------------
     0 | D:1      | Zonian the Djinni Ice Elementalist began the quest for the
                  | Orb.
     0 | D:1      | Zonian set off with the following spells memorised: Freeze,
                  | Frozen Ramparts, Ozocubu's Armour, Summon Ice Beast.
     0 | D:1      | Reached XP level 1. HP: 15/15 MP: 0/0
   197 | D:1      | Reached XP level 2. HP: 10/21 MP: 0/0
  1258 | D:2      | Reached XP level 3. HP: 22/25 MP: 0/0
  1258 | D:2      | Learned a level 1 spell: Apportation
  1663 | D:2      | Found Byan's General Store.
  1787 | D:2      | Reached XP level 4. HP: 19/31 MP: 0/0
  2009 | D:3      | Found a hide-covered altar of Uskayaw.
  2043 | D:3      | Found Rotapn's Armour Shop.
  2139 | D:3      | Killed from afar by an orc wizard

Illustrated notes

Levels and vault maps discovered:
D:1:      zaba_arrival_water, layout_basic
D:2:      layout_rooms, serial_shops, shop
D:3:      minmay_door_path, layout_loops_ring,
          mainiacjoe_overflow_six_doors_small, lightli_sewer_entry_pipes,
          serial_shops, nicolae_shop_stone

Skill      XL: |  1  2  3 |
---------------+----------+-----
Stealth        | 2 |  2.6
Dodging        | 3 |  3.2
Spellcasting   | |  3.7

Action                   |  1- 3 |  4- 6 || total
-------------------------+-------+-------++-------
Melee: Unarmed           |     8 |       ||     8
       Dagger            |    19 |    36 ||    55
       Short sword       |     8 |       ||     8
 Cast: Freeze            |    37 |     2 ||    39
  Use: Potion            |       |     2 ||     2
 Stab: Sleeping          |     2 |       ||     2
Armor: Robe              |    18 |     9 ||    27
Dodge: Dodged            |    47 |    26 ||    73

Table legend: (Time is in decaauts)
 A = Elapsed time spent in this place.
 B = Non-inter-level travel time spent in this place.
 C = Inter-level travel time spent in this place.
 D = Time resting spent in this place.
 E = Time spent auto-exploring this place.
 F = Levels seen in this place.
 G = Mean time per level.
                   A        B        C        D        E       F      G
               +--------+--------+--------+--------+--------+-----+--------+
         Total |   2138 |   2019 |    119 |    692 |    967 |   3 |  712.7 |
       Dungeon |   2138 |   2019 |    119 |    692 |    967 |   3 |  712.7 |
               +--------+--------+--------+--------+--------+-----+--------+

Top non-repeatable levels by time:
     D:1: 1423 daAuts
     D:2: 463 daAuts
     D:3: 251 daAuts
